 Dungeon Crawl Stone Soup version 0.31-a0-564-g3b7de120b3 (webtiles) character file.

Game seed: 1708005066122379221

73 lunkers the Ruffian (level 4, -1/35 HPs)
             Began as a Meteoran Shapeshifter on Aug 17, 2023.
             Slain by an orc
             ... wielding a +0 flail
              (3 damage)
             ... on level 3 of the Dungeon.
             The game lasted 00:01:23 (805 turns).

lunkers the Ruffian (Meteoran Shapeshifter)          Turns: 805, Time: 00:01:23

Health: -1/35      AC:  2    Str: 17    XL:     4   Next: 81%
Magic:  5/5        EV: 12    Int:  9    God:
Gold:   71         SH:  0    Dex: 16    Spells: 3/3 levels left

rFire   . .          .
                       - Unarmed
rCold   . . .        (no shield)
rNeg    . . .        a - +0 animal skin
rPois   .            (helmet currently unavailable)
rElec   .            (cloak currently unavailable)
rCorr   .            (gloves currently unavailable)
SInv    .            (boots currently unavailable)
Will    .....        (no amulet)
Stlth   +            e - ring of flight
HPRegen 0.25/turn    (no ring)
MPRegen 0.09/turn

%: no passive effects
@: beast-form, flying, glowing
A: beast (slay +2), sense surroundings 1, otherworldly, glowing, explore regen
a: Begin Untransformation


You were on level 3 of the Dungeon.
You were a hulking beast.
You visited 1 branch of the dungeon, and saw 3 of its levels.

You collected 71 gold pieces.

Inventory:

Armour
 a - a +0 animal skin (worn)
 i - a +0 pair of gloves
Jewellery
 e - a ring of flight (left hand)
 k - a ring of positive energy
Talismans
 c - a beast talisman (active)
 d - a flux talisman
Scrolls
 f - 2 scrolls of identify {unknown}
Potions
 b - 2 potions of lignification
 g - 2 potions of invisibility {unknown}
 h - 2 potions of curing {unknown}
 j - a potion of heal wounds {unknown}


   Skills:
 - Level 1.1 Fighting
 - Level 2.1 Dodging
 * Level 5.3 Unarmed Combat
 + Level 4.3 Shapeshifting


You had 3 spell levels left.
You didn't know any spells.
Your spell library was empty.

Dungeon Overview and Level Annotations

Branches:
Dungeon (3/15) Zot: 991

Altars:


Innate Abilities, Weirdness & Mutations

You are a hulking beast.
Your limbs bulge with bestial killing power. (Slay +2)
You passively map a small area around you.
You are easily found by Zot.
You glow in the dark.
You regain HP and MP as you explore.


Message History

The orc shouts!
An orc priest comes into view. It is wielding a +0 war axe.
You hit the orc.
The orc is heavily wounded.
You hit the orc.
You kill the orc!
An orc comes into view. It is wielding a +0 flail.
The orc misses you.
You punch the orc!
You kill the orc!
You hit the orc priest.
The orc priest is moderately wounded.
The orc priest barely misses you.
You hit the orc priest but do no damage.
The orc priest is moderately wounded.
The orc priest hits you with a +0 war axe.
You hit the orc priest.
The orc priest is heavily wounded.
The orc priest calls down the wrath of Beogh upon you.
Beogh smites you!
* * * LOW HITPOINT WARNING * * *
You hit the orc priest but do no damage.
The orc priest is heavily wounded.
The orc priest looks satisfied for a moment.
You closely miss the orc priest. Your punch misses the orc priest.
The orc priest is heavily wounded.
The orc priest hits you with a +0 war axe!
* * * LOW HITPOINT WARNING * * *
You hit the orc priest but do no damage.
The orc priest is heavily wounded.
You hit the orc.
The orc is almost dead.
You hit the orc priest.
The orc priest is almost dead.
The orc priest barely misses you. The orc hits you with a +0 flail!
* * * LOW HITPOINT WARNING * * *
You hit the orc priest.
You kill the orc priest!
The orc hits you with a +0 flail.
You die...

#.###.#.#
**#.......# , **
#####^### * * ,
##'## ,# , *
##...## .# *
##.....## ##.# * *
#.......## ...,
...........####.#
*
............'.)h)#
, ,
#...........####o#
* >..#.......##
... #.###.....##
#### ##...## *
##+#* * * , ,**


You could see an orc.

Vanquished Creatures
  An orc priest (D:3)
  Natasha (D:2)
  3 worms (D:2)
  3 orcs (D:3)
  2 bats (D:1)
  3 endoplasms
  2 giant cockroaches
  5 goblins
  3 hobgoblins
  2 jackals (D:1)
  2 quokkas (D:2)
  3 ball pythons
  2 frilled lizards (D:1)
  2 kobolds
  3 rats
37 creatures vanquished.

Notes
Turn   | Place    | Note
-------+----------+-------------------------------------------
     0 | D:1      | lunkers the Meteoran Shapeshifter began the quest for the
                  | Orb.
     0 | D:1      | Reached XP level 1. HP: 16/16 MP: 2/2
   153 | D:1      | Reached XP level 2. HP: 22/23 MP: 3/3
   165 | D:1      | Reached skill level 4 in Unarmed Combat
   439 | D:1      | Reached XP level 3. HP: 26/28 MP: 4/4
   514 | D:2      | Noticed Natasha
   519 | D:2      | Killed Natasha
   520 | D:2      | Reached XP level 4. HP: 20/35 MP: 5/5
   533 | D:2      | Reached skill level 5 in Unarmed Combat
   805 | D:3      | Slain by an orc

Illustrated notes

Levels and vault maps discovered:
D:1:      dpeg_arrival_more_subterranean_lakeside_camping, layout_basic,
          minmay_hexomino_f4
D:2:      layout_basic, serial_shops, shop, uniq_natasha
D:3:      minmay_inner_zag, layout_loops_corners, minmay_misc_feat_ornament,
          hangedman_glass_teeth

Skill      XL: |  1  2  3  4 |
---------------+-------------+-----
Unarmed Combat | 4 5 |  5.3
Shapeshifting  | 4 |  4.3
Fighting       | |  1.1
Dodging        | |  2.1

Action                     |  1- 3 |  4- 6 || total
---------------------------+-------+-------++-------
  Melee: Unarmed           |    39 |    41 ||    80
         Punch             |     1 |       ||     1
 Armour: Animal skin       |     7 |       ||     7
  Dodge: Dodged            |    22 |    11 ||    33

Table legend: (Time is in decaauts)
 A = Elapsed time spent in this place.
 B = Non-inter-level travel time spent in this place.
 C = Inter-level travel time spent in this place.
 D = Time resting spent in this place.
 E = Time spent auto-exploring this place.
 F = Levels seen in this place.
 G = Mean time per level.
                   A        B        C        D        E       F      G
               +--------+--------+--------+--------+--------+-----+--------+
         Total |    808 |    756 |     52 |      0 |    524 |   3 |  269.3 |
       Dungeon |    808 |    756 |     52 |      0 |    524 |   3 |  269.3 |
               +--------+--------+--------+--------+--------+-----+--------+

Top non-repeatable levels by time:
     D:1: 470 daAuts
     D:2: 303 daAuts
     D:3: 34 daAuts
